 Dungeon Crawl Stone Soup version 0.22-a0-429-g97ce8ef (webtiles) character file.

309380 Mgcat the Eclecticist (level 20, -9/194 HPs)
             Began as a Purple Draconian Earth Elementalist on May 24, 2018.
             Was the Champion of Vehumet.
             Killed from afar by a storm dragon (31 damage)
             ... with a bolt of lightning
             ... on level 2 of the Vaults on May 25, 2018.
             The game lasted 04:02:00 (61535 turns).

Mgcat the Eclecticist (DrEE)                       Turns: 61535, Time: 04:02:02

Health: -9/194     AC: 25    Str: 12    XL:     20   Next: 71%
Magic:  6/41       EV: 20    Int: 23    God:    Vehumet [******]
Gold:   1685       SH:  7    Dex: 12    Spells: 3/54 levels left

rFire    . . .     SeeInvis .   C - staff of energy {+MP, hungerless spells, !d!a@w1}
rCold    . . .     Gourm    .   n - +2 buckler {AC+3}
rNeg     . . .     Faith    .   (armour unavailable)
rPois    .         Spirit   .   r - +1 hat
rElec    .         Reflect  .   S - +0 cloak
rCorr    .         Harm     .   o - +2 pair of gloves
MR       +++..                  T - +2 pair of boots {run}
Stlth    ++........             j - amulet of Vitality {Regen+ HP+15}
HPRegen  0.82/turn              z - ring of wizardry {Wiz+, !d}
MPRegen  0.27/turn              D - +4 ring of protection

@: flayed, very slightly contaminated, quick
A: breathe power, unfitting armour, cold-blooded, AC +10
}: 1/15 runes: barnacled
a: Breathe Dispelling Energy, Renounce Religion


You were on level 2 of the Vaults.
You worshipped Vehumet.
Vehumet was exalted by your worship.
You were not hungry.

You visited 7 branches of the dungeon, and saw 35 of its levels.
You visited the Abyss 1 time.
You also visited: Ossuary and Ice Cave.

You collected 4881 gold pieces.
You spent 3196 gold pieces at shops.

Inventory:

Hand Weapons
 M - the +1 hand axe of Virtue {venom, rN+ Str+2 Dex+4 SInv}
   (You found it on level 10 of the Dungeon)

   It poisons the flesh of those it strikes.
   It affects your strength (+2).
   It affects your dexterity (+4).
   It protects you from negative energy.
   It lets you see invisible.
 U - the +6 war axe of Yngoescho {chop, rPois Str+6}
   (You took it off an ogre mage on level 13 of the Dungeon)

   It inflicts extra damage upon your enemies.
   It affects your strength (+6).
   It protects you from poison.
Missiles
 b - 296 stones (quivered)
 Q - 10 throwing nets {=f, !d}
Armour
 n - a +2 buckler of protection (worn)
   (You acquired it on level 6 of the Lair of Beasts)
 o - a +2 pair of gloves (worn)
   (You found it on level 1 of the Vaults)
 r - a +1 hat (worn)
   (You found it on level 4 of the Shoals)
 S - a +0 cloak (worn)
   (You found it on level 1 of the Vaults)
 T - a +2 pair of boots of running (worn)
   (You bought it in a shop on level 1 of the Shoals)
Magical Staves
 C - an uncursed staff of energy (weapon) {+MP, hungerless spells, !d!a@w1}
   (You took it off a centaur warrior on level 8 of the Dungeon)
 H - an uncursed staff of fire {rF+}
   (You found it on level 12 of the Dungeon)
 J - an uncursed staff of earth
   (You found it on level 8 of the Dungeon)
Jewellery
 i - an uncursed ring of flight {+Fly, !d}
   (You found it on level 4 of the Dungeon)
 j - the amulet of Vitality (around neck) {Regen+ HP+15}
   (You bought it in a shop on level 2 of the Orcish Mines)

   [amulet of regeneration]

   It affects your health (+15).
   It increases your rate of regeneration.
 y - an uncursed ring of resist corrosion
   (You found it on level 4 of the Shoals)
 z - a ring of wizardry (left hand) {Wiz+, !d}
   (You found it on level 5 of the Dungeon)
 D - a +4 ring of protection (right hand)
   (You found it on level 12 of the Dungeon)
 L - a +6 ring of evasion
   (You found it on level 10 of the Dungeon)
 R - an uncursed ring of see invisible {sInv, !d}
   (You found it on level 8 of the Dungeon)
 X - an uncursed ring of wizardry {Wiz+, !d}
   (You found it on level 15 of the Dungeon)
Wands
 p - a wand of digging (57)
   (You found it on level 5 of the Lair of Beasts)
 t - a wand of iceblast (5)
   (You took it off an orc warrior on level 1 of the Vaults)
 O - a wand of acid (18)
   (You found it on level 3 of the Lair of Beasts)
Scrolls
 a - 18 scrolls of remove curse
 d - 12 scrolls of teleportation
 g - 2 scrolls of blinking {!r}
 u - 5 scrolls of magic mapping {!r}
 x - 12 scrolls of identify
 V - 4 scrolls of fear
 Z - 5 scrolls of fog
Potions
 e - 5 potions of haste
 f - 9 potions of might
 h - 11 potions of brilliance
 k - 6 potions of agility
 m - 4 potions of berserk rage {!q}
 q - 7 potions of curing
 s - 4 potions of invisibility
 w - 5 potions of ambrosia
 B - 4 potions of flight
 E - 2 potions of cancellation
 I - 4 potions of mutation {!q}
 K - 4 potions of lignification {!q}
 P - 2 potions of heal wounds
Miscellaneous
 A - a lamp of fire
   (You found it on level 4 of the Shoals)
 F - a box of beasts
 G - a crystal ball of energy
   (You found it on level 8 of the Dungeon)
 N - a lightning rod (4/4)
   (You found it on level 13 of the Dungeon)
 W - 4 sacks of spiders
Comestibles
 c - 23 rations


   Skills:
 + Level 15.5 Fighting
 - Level 2.4 Axes
 + Level 13.5 Dodging
 - Level 1.7 Stealth
 - Level 4.0 Shields
 + Level 17.6 Spellcasting
 + Level 16.0 Conjurations
   Level 1.0 Transmutations
 + Level 13.6 Fire Magic
 + Level 16.3 Earth Magic
 + Level 7.5 Evocations


You had 3 spell levels left.
You knew the following spells:

 Your Spells              Type           Power        Failure   Level  Hunger
a - Sandblast             Erth           ######       0%          1    None
b - Stone Arrow           Conj/Erth      ######       0%          3    None
c - Lee's Rapid Deconstr  Erth           #######...   1%          5    None
d - Iron Shot             Conj/Erth      #######...   1%          6    None
e - Lehudib's Crystal Sp  Conj/Erth      #######...   2%          8    None
f - Fireball              Conj/Fire      ######....   1%          5    None
g - Bolt of Fire          Conj/Fire      ######....   1%          6    None
h - Ignition              Fire           ######....   8%          8    None
i - Shatter               Erth           #######...   30%         9    None

Your spell library contained the following spells:

 Spells                   Type           Power        Failure   Level  Hunger
 Cause Fear               Hex            ###.......   11%         4    None
 Magic Dart               Conj           ####         0%          1    None
 Apportation              Tloc           ###...       1%          1    None
 Bolt of Cold             Conj/Ice       ######....   1%          6    None
 Bolt of Magma            Conj/Fire/Erth ######....   1%          5    None
 Confuse                  Hex            ###.....     3%          3    None
 Freezing Cloud           Conj/Ice/Air   #####.....   5%          6    None
 Mephitic Cloud           Conj/Pois/Air  #####...     1%          3    None
 Ring of Flames           Chrm/Fire      ######....   45%         7    None
 Venom Bolt               Conj/Pois      ######....   1%          5    None
 Olgreb's Toxic Radiance  Pois           ###.....     3%          4    None
 Summon Small Mammal      Summ           ###.         1%          1    None
 Iskenderun's Mystic Bla  Conj           #######.     1%          4    None
 Summon Horrible Things   Summ           ###.......   100%        8    None
 Animate Skeleton         Necr           N/A          1%          1    None
 Ozocubu's Refrigeration  Ice            ###.......   36%         6    None
 Sticky Flame             Conj/Fire      ######..     1%          4    None
 Summon Ice Beast         Ice/Summ       ###.....     11%         4    None
 Call Imp                 Summ           ###.....     1%          2    None
 Regeneration             Chrm/Necr      ###.......   3%          3    None
 Sting                    Conj/Pois      ####         1%          1    None
 Tukima's Dance           Hex            ###.....     3%          3    None
 Summon Greater Demon     Summ           ###.......   100%        7    None
 Statue Form              Tmut/Erth      ######...    4%          6    None
 Ice Form                 Ice/Tmut       ###.....     9%          4    None
 Deflect Missiles         Chrm/Air       ###.......   82%         6    None
 Confusing Touch          Hex            ###...       1%          1    None
 Flame Tongue             Conj/Fire      #####        0%          1    None
 Passwall                 Tmut/Erth      ######..     1%          2    None
 Ignite Poison            Fire/Tmut/Pois #####...     1%          3    None
 Call Canine Familiar     Summ           ###.....     3%          3    None
 Ensorcelled Hibernation  Hex/Ice        ###...       1%          2    None
 Metabolic Englaciation   Hex/Ice        ###.......   28%         5    None
 Silence                  Hex/Air        ###.......   28%         5    None
 Corona                   Hex            ###....      1%          1    None
 Simulacrum               Ice/Necr       ###.......   82%         6    None
 Monstrous Menagerie      Summ           ###.......   100%        7    None
 Petrify                  Tmut/Erth      ######..     1%          4    None
 Orb of Destruction       Conj           #######...   1%          7    None
 Malign Gateway           Summ/Tloc      ###.......   100%        7    None
 Leda's Liquefaction      Hex/Erth       ######....   1%          4    None
 Shroud of Golubria       Chrm/Tloc      ###.......   1%          2    None
 Disjunction              Tloc           ###.......   100%        8    None
 Iskenderun's Battlesphe  Conj/Chrm      ######..     1%          5    None
 Fulminant Prism          Conj/Hex       ######....   1%          4    None
 Dazzling Spray           Conj/Hex       ######       1%          3    None
 Force Lance              Conj/Tloc      ######..     1%          4    None
 Infusion                 Chrm           ###.         1%          1    None
 Song of Slaying          Chrm           ###.....     1%          2    None
 Spectral Weapon          Hex/Chrm       ###.....     3%          3    None
 Searing Ray              Conj           ######       0%          2    None
 Discord                  Hex            ###.......   100%        8    None
 Summon Lightning Spire   Summ/Air       ###.....     11%         4    None
 Summon Guardian Golem    Hex/Summ       ###.....     3%          3    None
 Spellforged Servitor     Conj/Summ      ######....   10%         7    None
 Yara's Violent Unravell  Hex/Tmut       ###.......   7%          5    None
 Poisonous Vapours        Pois/Air       ###...       1%          2    None


Dungeon Overview and Level Annotations

Branches:
Dungeon (15/15)            Temple (0/1) D:5            Lair (6/6) D:11
 Shoals (4/4) Lair:3       Spider (4/4) Lair:4        Slime (0/5) Lair:5
    Orc (2/2) D:11            Elf (2/3) Orc:2        Vaults (2/5) D:13
 Depths (0/5) D:15
  Crypt: Vaults:2-3

Altars:
Cheibriados
Makhleb
Nemelex Xobeh
Okawaru
Trog
Vehumet
Yredelemnul
Zin
The Shining One

Shops:
D:4 *!*:}   Orc:2 [((%=   Elf:1 [   Shoals:1 :[   Vaults:1 !

Annotations:
Shoals:1 1 runed door
Shoals:2 2 transporters
Spider:4 1 exclusion
Elf:2 3 runed doors


Innate Abilities, Weirdness & Mutations

You can breathe bolts of dispelling energy.
Your rich purple scales are hard. (AC +10)
You cannot fit into any form of body armour.
You are cold-blooded and may be slowed by cold attacks.


Message History

Confirm with . or Enter, or press ? or * to list all spells.
Aiming: Iron Shot (safe; 1% risk of failure)
Press: ? - help, Shift-Dir - straight line, f - storm dragon
Aim: a storm dragon (moderately wounded, catching its breath)
Okay, then.
Unknown command.
Casting: Iron Shot (safe; 1% risk of failure)
Confirm with . or Enter, or press ? or * to list all spells.
Aiming: Iron Shot (safe; 1% risk of failure)
Press: ? - help, Shift-Dir - straight line, f - storm dragon
Aim: a storm dragon (moderately wounded, catching its breath)
You feel a surge of power!
The iron shot hits the storm dragon.
The storm dragon is heavily wounded.
The redback changes into a cyclops!
The flayed ghost closely misses you.
Unknown command.
Unknown command.
Okay, then.
Unknown command.
Unknown command.
Unknown command.
Unknown command.
Wield which item (- for none, * to show all)? (? for menu, Esc to quit)
C - an uncursed staff of energy (weapon)
{+MP, hungerless spells, !d!a@w1} You channel some magical energy.
You feel slightly more hungry. The flayed ghost barely misses you.
The storm dragon bites you! The storm dragon barely misses you.
You block the storm dragon's attack.
Nothing appears to happen.
You block the storm dragon's attack.
The storm dragon claws you but does no damage.
The storm dragon tramples you.
You stumble backwards!
The flayed ghost barely misses you.
Nothing appears to happen.
The storm dragon bites you but does no damage.
The storm dragon claws you but does no damage.
The storm dragon misses you. You block the storm dragon's attack.
The storm dragon barely misses you.
The storm dragon tramples you but does no damage.
The flayed ghost misses you.
Casting: Iron Shot (safe; 1% risk of failure)
Confirm with . or Enter, or press ? or * to list all spells.
Aiming: Iron Shot (safe; 1% risk of failure)
Press: ? - help, Shift-Dir - straight line, f - flayed ghost, p - storm dragon
Aim: a flayed ghost The iron shot hits the flayed ghost.
The flayed ghost is severely damaged.
A vault sentinel comes into view. It is wielding a long sword.
The storm dragon bites you but does no damage.
You block the storm dragon's attack. The storm dragon misses you.
The flayed ghost cries, "Suffer as I suffered!"
Terrible wounds open up all over your body!
You channel some magical energy.
You feel slightly more hungry. The storm dragon closely misses you.
The storm dragon claws you but does no damage.
The storm dragon misses you. The flayed ghost misses you.
Nothing appears to happen.
You block the storm dragon's attack. The storm dragon misses you.
The storm dragon tramples you.
You stumble backwards!
Nothing appears to happen.
The storm dragon breathes lightning at you.
The bolt of lightning misses you.
The vault sentinel blows a loud note on a signal horn!
You hear a shout!
You hear two shouts!
You hear a shout!
You hear a horrible gurgling sound!
Nothing appears to happen.
The storm dragon bites you!! The storm dragon closely misses you.
The storm dragon barely misses you.
The flayed ghost stares at you with tortured malice.
Terrible wounds spread across more of your body!
The storm dragon barely misses you. You block the storm dragon's attack. x2
You channel some magical energy.
You feel slightly more hungry. The flayed ghost hits you!!
An anaconda comes into view.
You block the storm dragon's attack.
The storm dragon claws you but does no damage.
The storm dragon completely misses you.
Casting: Iron Shot (safe; 1% risk of failure)
Confirm with . or Enter, or press ? or * to list all spells.
You don't have enough magic to cast that spell.
Unknown command.
You channel some magical energy.
You feel slightly more hungry.
The flayed ghost cries, "Feel what I felt!"
Terrible wounds spread across more of your body!
* * * LOW HITPOINT WARNING * * *
The storm dragon bites you!
* * * LOW HITPOINT WARNING * * *
The storm dragon claws you!
* * * LOW HITPOINT WARNING * * *
You block the storm dragon's attack.
Unknown command.
Unknown command.
Unknown command.
Unknown command.
Really read
g - 3 scrolls of blinking {!r}?
Blink to where?
Press: ? - help, Dir - move target cursor, p - flayed ghost You are very lightly contaminated with residual magic.
As you read the scroll of blinking {!r}, it crumbles to dust.
All of the chunks of flesh in your inventory have rotted away.
The storm dragon breathes lightning at you.
The bolt of lightning hits you!
You die...

#....#...........#.'......#..#
#....'...........#.#......#..#
#....#.).........#.########..#
.....#...........#.(.........#
.....#...........#...........#
.)...##########.##...........#
.............................#
.........W...(...............#
........§p.....[@............#
.....(...D[....[..((.........#
...[)S[[...[(................#
##.[######################'###
#..# ###.# .)... ###...#
..[[.. ####.....# ...C..p
#......#### ##..####
#..>..)'..#


You could see a storm dragon, a flayed ghost and a vault sentinel.

Vanquished Creatures
  Arachne (Spider:3)
  The ghost of emperorscorpion the Warrior, an adept DrBe of Trog (Shoals:3)
  2 sphinxes (Vaults:1)
  Roxanne (Elf:2)
  The ghost of GameOver the Lord of Darkness, an adept NaWz of Kikubaaqudgha (Spider:1)
  Donald (Orc:2)
  2 fire giants (Vaults:2)
  3 frost giants
  A deep elf sorcerer (Elf:2)
  2 ghost moths (Spider:4)
  Ilsuiw (Shoals:4)
  3 vault wardens
  8 emperor scorpions
  Louise (Spider:4)
  6 entropy weavers
  3 stone giants
  4 ironheart preservers
  A war gargoyle (D:13)
  3 deep elf demonologists
  A dire elephant (D:15)
  2 spark wasps
  5 merfolk javelineers
  4 ettins
  12 merfolk impalers
  3 yaktaur captains
  Josephine (Lair:6)
  2 deep elf high priests (Elf:1)
  A rakshasa (D:13)
  6 vault guards (Vaults:2)
  A great orb of eyes (D:15)
  Erolcha (D:13)
  9 hydras
  7 merfolk avatars
  A death knight (D:13)
  13 merfolk aquamancers
  6 centaur warriors
  An alligator snapping turtle (Shoals:4)
  2 satyrs
  3 catoblepae
  21 two-headed ogres
  13 dancing weapons
  2 ogre magi
  A deep troll shaman (Lair:6)
  A queen ant (shapeshifter) (Vaults:1)
  14 death yaks
  A deep troll earth mage (D:13)
  3 tengu warriors (D:13)
  5 orc high priests (Orc:2)
  14 deep elf knights
  Urug (D:13)
  2 small abominations (Elf:1)
  9 slime creatures
  8 unseen horrors
  6 skeletal warriors
  4 deep trolls
  2 flayed ghosts (Vaults:1)
  14 sea snakes
  A death drake (shapeshifter) (Elf:2)
  17 deep elf archers
  An ironbrand convoker (Vaults:2)
  2 wizards
  2 lindwurms
  A lindwurm (shapeshifter) (Elf:1)
  12 orc knights
  2 spectral wolf spiders (Spider:4)
  5 phantasmal warriors
  26 harpies
  3 wolf spider zombies
  4 fauns (Shoals:3)
  2 orb spiders (shapeshifter)
  40 deep elf magi
  2 moths of wrath
  10 manticores
  4 orc sorcerers
  27 cyclopes
  10 orb spiders
  34 wolf spiders
  A salamander (D:15)
  22 ugly things
  8 merfolk sirens
  3 elephants (Lair:6)
  2 black mambas
  3 vault sentinels (Vaults:2)
  2 torpor snails
  4 water nymphs
  8 spiny frogs
  4 rime drakes
  7 centaur skeletons
  9 komodo dragons
  A spiny frog (shapeshifter) (D:14)
  A rime drake (shapeshifter) (Vaults:2)
  A spectral redback (Spider:4)
  3 freezing wraiths
  A komodo dragon (shapeshifter) (D:13)
  15 yaktaurs (Vaults:1)
  A kobold demonologist (D:15)
  22 demonic crawlers
  A redback zombie (Spider:4)
  3 tengu conjurers
  An efreet (D:13)
  9 trolls
  21 polar bears
  3 wind drakes
  28 merfolk
  3 spectral jumping spiders (Spider:4)
  11 hornets
  2 jumping spider zombies (Spider:4)
  31 jumping spiders
  A spectral tarantella (Spider:4)
  21 dream sheep
  13 blink frogs
  11 hippogriffs
  2 tarantella zombies (Spider:4)
  18 snapping turtles
  Sigmund (D:4)
  2 shadows
  7 water elementals
  A centaur simulacrum (D:13)
  A spriggan (Lair:5)
  An air elemental (Elf:1)
  29 tarantellas
  65 redbacks
  2 wyverns
  A tarantella (shapeshifter) (Vaults:1)
  4 basilisks
  10 wraiths
  Eustachio (D:4)
  4 hogs (D:7)
  2 fire elementals (Elf:1)
  59 yaks
  A human (D:7)
  A steam dragon (D:13)
  7 vampire mosquitoes
  2 hungry ghosts
  9 wargs
  Menkaure (D:4)
  3 acid dragons
  A soldier ant (D:13)
  18 water moccasins
  3 spectral hornets (Spider:4)
  7 porcupines
  58 orc warriors
  19 ogres
  4 phantoms
  6 sky beasts
  5 black bears
  11 ice beasts
  4 eyes of draining
  12 centaurs
  30 wolves
  15 crocodiles
  2 big kobolds
  4 cyclops zombies (Orc:1)
  25 bullfrogs
  9 scorpions
  18 killer bees
  An orc simulacrum (Vaults:1)
  13 wights
  5 electric eels
  4 howler monkeys
  A bullfrog zombie (D:5)
  10 crimson imps
  2 centaur zombies
  33 orc priests
  6 hounds
  2 jellies (Lair:5)
  40 orc wizards
  3 bullfrog skeletons
  Natasha (thrice) (D:2)
  6 iguanas
  8 worker ants
  2 killer bee zombies
  A big kobold zombie (Ossuary)
  3 hound zombies
  2 hound skeletons
  3 mummies (Ossuary)
  A worker ant zombie (D:6)
  13 adders
  9 shadow imps
  A white imp (D:7)
  5 oozes
  3 adder skeletons
  An adder zombie (D:9)
  6 dart slugs
  4 leopard geckos
  136 orcs
  A ball python (D:1)
  5 giant cockroaches
  7 goblins
  12 hobgoblins
  5 jackals
  7 quokkas
  7 bats
  7 frilled lizards
  3 goblin skeletons
  10 hobgoblin zombies
  A jackal skeleton (D:5)
  A jackal zombie (D:8)
  17 kobolds
  2 kobold zombies
  A leopard gecko skeleton (D:4)
  A leopard gecko zombie (D:5)
  3 orc skeletons (D:7)
  An orc zombie (D:7)
  A quokka skeleton (D:8)
  2 quokka zombies (D:5)
  6 rats
  5 crawling corpses (Elf:1)
  3 fungi (Lair:6)
  8 plants
1657 creatures vanquished.

Vanquished Creatures (others)
  An ogre mage (Vaults:1)
  2 yaks
  A wyvern (Lair:5)
  8 fungi (Lair:6)
  48 plants
60 creatures vanquished.

Grand Total: 1717 creatures vanquished

Notes
Turn   | Place    | Note
-------+----------+-------------------------------------------
     0 | D:1      | Mgcat the Draconian Earth Elementalist began the quest for the Orb.
     0 | D:1      | Reached XP level 1. HP: 14/14 MP: 3/3
   160 | D:1      | Reached XP level 2. HP: 17/20 MP: 5/5
   779 | D:1      | Reached XP level 3. HP: 24/26 MP: 7/7
  1442 | D:2      | Reached skill level 3 in Spellcasting
  1569 | D:2      | Reached skill level 4 in Earth Magic
  1872 | D:2      | Learned a level 3 spell: Stone Arrow
  1922 | D:2      | Found a radiant altar of Vehumet.
  1923 | D:2      | Noticed Natasha
  1932 | D:2      | Killed Natasha
  1932 | D:2      | Reached XP level 4. HP: 22/33 MP: 1/8
  1942 | D:2      | Became a worshipper of Vehumet
  2109 | D:2      | Noticed Natasha
  2113 | D:2      | Killed Natasha
  2113 | D:2      | Reached skill level 1 in Conjurations
  2285 | D:2      | Noticed Natasha
  2328 | D:2      | Killed Natasha
  2328 | D:2      | Reached XP level 5. HP: 36/38 MP: 6/10
  2807 | D:3      | Reached skill level 2 in Conjurations
  2975 | D:2      | Learned a level 5 spell: Lee's Rapid Deconstruction
  3187 | D:3      | Found an iron altar of Okawaru.
  3187 | D:3      | Found a burning altar of Makhleb.
  3735 | D:4      | Found Liecoilo's General Store.
  3740 | D:4      | Bought a scroll of blinking for 75 gold pieces
  3793 | D:4      | Reached * piety under Vehumet
  3793 | D:4      | Offered knowledge of Magic Dart by Vehumet.
  3793 | D:4      | Reached XP level 6. HP: 41/45 MP: 11/11
  3872 | D:4      | Reached skill level 4 in Spellcasting
  3872 | D:4      | Reached skill level 5 in Earth Magic
  3963 | D:4      | Noticed Menkaure
  3981 | D:4      | Found Timuucr Ylokh's Gadget Shoppe.
  4002 | D:4      | Found a glowing silver altar of Zin.
  4003 | D:4      | Found Egeriaba's Book Boutique.
  4048 | D:4      | Noticed Sigmund
  4059 | D:4      | Killed Sigmund
  4059 | D:4      | Reached skill level 3 in Conjurations
  4059 | D:4      | Your scales start taking on a rich purple colour.
  4059 | D:4      | Reached skill level 5 in Spellcasting
  4059 | D:4      | Reached XP level 7. HP: 31/50 MP: 5/15
  4187 | D:4      | Noticed Eustachio
  4217 | D:4      | Found Min Meidil's Assorted Antiques.
  4392 | D:4      | Killed Menkaure
  4431 | D:4      | Found Mipium's Distillery.
  4798 | D:5      | Entered Level 5 of the Dungeon
  4802 | D:5      | Reached skill level 6 in Spellcasting
  4802 | D:5      | Reached skill level 4 in Conjurations
  4819 | D:5      | Reached skill level 6 in Earth Magic
  4973 | D:5      | Found a snail-covered altar of Cheibriados.
  5209 | D:5      | Reached XP level 8. HP: 34/57 MP: 2/17
  5607 | D:5      | Reached ** piety under Vehumet
  5607 | D:5      | Offered knowledge of Sting by Vehumet.
  5607 | D:5      | Reached skill level 5 in Conjurations
  5820 | D:5      | Found a staircase to the Ecumenical Temple.
  6100 | D:6      | Reached skill level 7 in Spellcasting
  6158 | D:6      | Reached skill level 7 in Earth Magic
  6598 | D:6      | Offered knowledge of Static Discharge by Vehumet.
  6598 | D:6      | Reached skill level 6 in Conjurations
  6700 | D:6      | Found a sand-covered staircase.
  6713 | Ossuary  | Entered an ossuary
  7280 | D:6      | Reached *** piety under Vehumet
  7280 | D:6      | Reached skill level 8 in Spellcasting
  7280 | D:6      | Reached XP level 9. HP: 62/62 MP: 14/21
  7405 | D:6      | Found a bloodstained altar of Trog.
  7614 | D:7      | Found a glowing golden altar of the Shining One.
  7626 | D:7      | Offered knowledge of Inner Flame by Vehumet.
  7843 | D:7      | Reached skill level 8 in Earth Magic
  7926 | D:7      | Reached skill level 7 in Conjurations
  8158 | D:7      | Reached **** piety under Vehumet
  8158 | D:7      | Reached skill level 9 in Spellcasting
  8284 | D:7      | Offered knowledge of Yara's Violent Unravelling by Vehumet.
  8284 | D:7      | Reached skill level 9 in Earth Magic
  8440 | D:8      | Reached skill level 2 in Dodging
  8440 | D:8      | Reached XP level 10. HP: 58/70 MP: 12/23
  8502 | D:8      | Reached skill level 8 in Conjurations
  8555 | D:8      | You fall through a shaft!
  8559 | D:9      | Reached skill level 1 in Fighting
  8861 | D:9      | Reached skill level 2 in Fighting
  9147 | D:8      | Noticed a two-headed ogre
  9155 | D:8      | Killed a two-headed ogre
  9155 | D:8      | Reached ***** piety under Vehumet
  9155 | D:8      | Reached skill level 3 in Dodging
  9155 | D:8      | Reached skill level 10 in Spellcasting
  9161 | D:8      | Noticed a two-headed ogre
  9268 | D:9      | Offered knowledge of Lightning Bolt by Vehumet.
  9276 | D:9      | Reached skill level 3 in Fighting
  9464 | D:9      | Got an encrusted scimitar
  9465 | D:9      | Identified the cursed +0 scimitar "Hutud" {slice, rC+ rN+ Dex+2} (You found it on level 9 of the Dungeon)
  9929 | D:8      | Killed a two-headed ogre
 10043 | D:8      | Found a basalt altar of Yredelemnul.
 10191 | D:8      | Noticed a two-headed ogre
 10195 | D:8      | Killed a two-headed ogre
 10195 | D:8      | Reached skill level 4 in Fighting
 10195 | D:8      | Reached skill level 4 in Dodging
 10341 | D:8      | Reached XP level 11. HP: 84/84 MP: 14/25
 10397 | D:8      | Reached skill level 9 in Conjurations
 10945 | D:8      | Noticed a catoblepas
 10951 | D:8      | Reached skill level 10 in Earth Magic
 10998 | D:8      | Killed a catoblepas
 11113 | D:8      | Noticed a centaur warrior
 11120 | D:8      | Killed a centaur warrior
 11120 | D:8      | Reached skill level 5 in Fighting
 11463 | D:8      | Noticed a centaur warrior
 11463 | D:8      | Noticed a skeletal warrior
 11468 | D:8      | Killed a centaur warrior
 11468 | D:8      | Offered knowledge of Poison Arrow by Vehumet.
 11477 | D:8      | Killed a skeletal warrior
 11477 | D:8      | Reached skill level 5 in Dodging
 11571 | D:8      | Reached skill level 11 in Spellcasting
 11683 | D:8      | Learned a level 6 spell: Iron Shot
 11689 | D:8      | Learned a level 5 spell: Bolt of Magma
 11888 | D:10     | Entered Level 10 of the Dungeon
 12182 | D:10     | Got an ivory hand axe
 12183 | D:10     | Identified the +1 hand axe of Virtue {venom, rN+ Str+2 Dex+4 SInv} (You found it on level 10 of the Dungeon)
 12220 | D:10     | Found a sparkling altar of Nemelex Xobeh.
 12393 | D:10     | Noticed a two-headed ogre
 12399 | D:10     | Killed a two-headed ogre
 12399 | D:10     | Reached skill level 6 in Fighting
 12399 | D:10     | Reached skill level 1 in Fire Magic
 12830 | D:10     | Got an encrusted hand axe
 12833 | D:10     | Identified the cursed +1 hand axe of Foul Odors {flame, Str+4} (You found it on level 10 of the Dungeon)
 12938 | D:11     | Noticed a brown ugly thing
 12948 | D:11     | Killed a brown ugly thing
 13181 | D:11     | Reached skill level 2 in Fire Magic
 13551 | D:11     | Reached XP level 12. HP: 97/97 MP: 5/27
 13728 | D:11     | Reached skill level 10 in Conjurations
 13779 | D:11     | Noticed a six-headed hydra
 13782 | D:11     | Killed a six-headed hydra
 13782 | D:11     | Reached skill level 6 in Dodging
 13800 | D:11     | Found a staircase to the Lair.
 14142 | D:11     | Reached skill level 3 in Fire Magic
 14177 | D:11     | Offered knowledge of Bolt of Fire by Vehumet.
 14206 | D:10     | Reached skill level 7 in Fighting
 14345 | D:10     | Learned a level 6 spell: Bolt of Fire
 14440 | D:11     | Reached skill level 11 in Earth Magic
 14495 | D:11     | Found a staircase to the Orcish Mines.
 14581 | D:11     | Noticed a two-headed ogre
 14592 | D:11     | Killed a two-headed ogre
 14797 | Lair:1   | Entered Level 1 of the Lair of Beasts
 15464 | Lair:1   | Reached skill level 4 in Fire Magic
 15677 | Lair:2   | Noticed a five-headed hydra
 15684 | Lair:2   | Killed a five-headed hydra
 15820 | Lair:2   | Reached skill level 12 in Spellcasting
 16612 | Lair:3   | Noticed a six-headed hydra
 16617 | Lair:3   | Killed a six-headed hydra
 16621 | Lair:3   | Reached skill level 7 in Dodging
 16832 | Lair:3   | Reached skill level 8 in Fighting
 16832 | Lair:3   | Reached XP level 13. HP: 107/107 MP: 17/29
 16958 | Lair:3   | Found a staircase to the Shoals.
 17481 | Lair:3   | Reached skill level 5 in Fire Magic
 18377 | Lair:4   | Found a hole to the Spider Nest.
 18513 | Lair:4   | Reached skill level 11 in Conjurations
 18592 | Lair:4   | Got an ichor-stained dire flail
 18593 | Lair:4   | Identified the cursed +1 dire flail of Focus {drain, rF+} (You found it on level 4 of the Lair of Beasts)
 19185 | Lair:5   | Found a frozen archway.
 19187 | Lair:5   | Offered knowledge of Ozocubu's Refrigeration by Vehumet.
 19258 | IceCv    | Entered an ice cave
 19728 | IceCv    | Reached skill level 6 in Fire Magic
 19815 | IceCv    | Reached skill level 9 in Fighting
 20299 | IceCv    | Noticed a frost giant
 20307 | IceCv    | Reached skill level 8 in Dodging
 20314 | IceCv    | Reached skill level 12 in Earth Magic
 20314 | IceCv    | Killed a frost giant
 20472 | IceCv    | HP: 19/111 [something (17)]
 21143 | Lair:5   | Found a staircase to the Slime Pits.
 21201 | Lair:5   | Reached skill level 13 in Spellcasting
 21203 | Lair:5   | Reached XP level 14. HP: 118/118 MP: 13/31
 21722 | Lair:6   | Entered Level 6 of the Lair of Beasts
 21752 | Lair:6   | Reached skill level 7 in Fire Magic
 21754 | Lair:6   | Offered knowledge of Bolt of Cold by Vehumet.
 22004 | Lair:6   | Noticed Josephine
 22148 | Lair:6   | Killed Josephine
 22784 | Lair:6   | Reached skill level 10 in Fighting
 23506 | Lair:6   | Reached skill level 12 in Conjurations
 23970 | Lair:6   | Reached skill level 9 in Dodging
 24295 | Lair:6   | Offered knowledge of Conjure Ball Lightning by Vehumet.
 24503 | Lair:6   | Reached skill level 8 in Fire Magic
 25029 | Lair:6   | Identified a scroll of acquirement
 25255 | Orc:1    | Entered Level 1 of the Orcish Mines
 25333 | Orc:1    | Reached skill level 1 in Shields
 25528 | Orc:1    | Reached skill level 2 in Shields
 25655 | Orc:1    | Reached skill level 3 in Shields
 25883 | Orc:1    | Reached XP level 15. HP: 128/128 MP: 11/32
 25884 | Orc:1    | Reached skill level 4 in Shields
 26966 | Orc:1    | Got a twisted shortbow
 26969 | Orc:1    | Got a polished great sword
 26985 | Orc:1    | Identified the +1 great sword "Daclyt" {venom, rElec rPois SInv} (You found it on level 1 of the Orcish Mines)
 26986 | Orc:1    | Identified the cursed +1 shortbow of Soummo {velocity, Int+6} (You found it on level 1 of the Orcish Mines)
 27003 | Orc:1    | Identified the Disquisition on Fiery Dislocation
 27366 | Orc:2    | Entered Level 2 of the Orcish Mines
 27469 | Orc:2    | Found Lutanome's Armour Emporium.
 27511 | Orc:2    | Found a staircase to the Elven Halls.
 27886 | Orc:2    | Noticed Donald
 27914 | Orc:2    | HP: 27/128 [Donald/eveningstar of freezing (43)]
 27914 | Orc:2    | HP: 6/128 [Donald/eveningstar of freezing (21)]
 28366 | Orc:2    | Killed Donald
 28366 | Orc:2    | Reached skill level 13 in Earth Magic
 28461 | Orc:2    | Reached ****** piety under Vehumet
 28461 | Orc:2    | Offered knowledge of Poison Arrow by Vehumet.
 28497 | Orc:2    | Reached skill level 14 in Spellcasting
 29280 | Orc:2    | Reached skill level 11 in Fighting
 30101 | Orc:2    | Found Ynehich's Weapon Shop.
 30101 | Orc:2    | Found Sugryczu's Weapon Shop.
 30102 | Orc:2    | Found Ujafax's Food Boutique.
 30102 | Orc:2    | Found Unulag's Jewellery Shop.
 31046 | D:12     | Reached skill level 9 in Fire Magic
 31438 | D:12     | Reached skill level 10 in Dodging
 31914 | D:13     | Offered knowledge of Lehudib's Crystal Spear by Vehumet.
 31914 | D:13     | Offered knowledge of Shatter by Vehumet.
 31914 | D:13     | Offered knowledge of Ignition by Vehumet.
 31922 | D:13     | Reached skill level 13 in Conjurations
 31923 | D:13     | Reached XP level 16. HP: 126/138 MP: 1/34
 31925 | D:13     | Noticed Erolcha
 31940 | D:13     | Killed Erolcha
 32825 | D:13     | Noticed Urug
 32834 | D:13     | Killed Urug
 33205 | D:13     | Reached skill level 12 in Fighting
 33343 | D:13     | Got a translucent war axe {chop}
 33712 | D:13     | Found a gate to the Vaults.
 33973 | D:13     | Identified the +6 war axe of Yngoescho {chop, rPois Str+6} (You took it off an ogre mage on level 13 of the Dungeon)
 34414 | D:14     | Reached skill level 10 in Fire Magic
 34945 | D:15     | Entered Level 15 of the Dungeon
 35338 | D:15     | Reached skill level 15 in Spellcasting
 35673 | D:15     | Found a staircase to the Depths.
 35688 | D:15     | Reached skill level 14 in Earth Magic
 35700 | D:15     | Upgraded the game from 0.22-a0-425-g89d60a1 to 0.22-a0-429-g97ce8ef
 35993 | D:15     | Learned a level 8 spell: Lehudib's Crystal Spear
 36002 | D:15     | Learned a level 8 spell: Ignition
 36817 | Shoals:1 | Entered Level 1 of the Shoals
 36819 | Shoals:1 | Reached skill level 11 in Dodging
 37049 | Shoals:1 | Found Jesea's Book Shoppe.
 37057 | Shoals:1 | Found a runed door.
 37366 | Shoals:1 | Reached XP level 17. HP: 123/148 MP: 4/36
 37567 | Shoals:1 | HP: 35/148 [merfolk javelineer/javelin (6)]
 38079 | Shoals:1 | Found Bettaseapi's Antique Armour Boutique.
 38676 | Shoals:1 | Bought a pair of glowing boots for 195 gold pieces
 38676 | Shoals:1 | Bought a pair of glowing boots for 195 gold pieces
 38696 | Shoals:1 | Identified a +1 pair of boots of running (You bought it in a shop on level 1 of the Shoals)
 39002 | D:4      | Bought a scroll of blinking for 75 gold pieces
 39002 | D:4      | Bought a potion of mutation for 80 gold pieces
 39085 | D:4      | Bought a book of Fire for 715 gold pieces
 39091 | D:4      | Learned a level 5 spell: Fireball
 39116 | D:4      | Bought a potion of agility for 56 gold pieces
 39116 | D:4      | Bought a potion of agility for 56 gold pieces
 39116 | D:4      | Bought a potion of might for 56 gold pieces
 39116 | D:4      | Bought a potion of agility for 56 gold pieces
 39116 | D:4      | Bought a potion of heal wounds for 70 gold pieces
 39116 | D:4      | Bought a potion of heal wounds for 70 gold pieces
 39219 | D:4      | Killed Eustachio
 40718 | Shoals:2 | Found a transporter.
 40911 | Shoals:2 | Found a transporter.
 41113 | Shoals:3 | Noticed emperorscorpion's ghost (adept DrBe)
 41204 | Shoals:3 | Killed emperorscorpion's ghost
 41279 | Shoals:3 | Reached skill level 14 in Conjurations
 41285 | Shoals:3 | Reached skill level 13 in Fighting
 41455 | Shoals:3 | Reached skill level 11 in Fire Magic
 41641 | Shoals:3 | Got a smoking rapier
 41642 | Shoals:3 | Identified the cursed +3 rapier of a wizard's laboratory {venom, Str+2 Dex+4} (You found it on level 3 of the Shoals)
 41665 | Shoals:3 | Cast into level 3 of the Abyss (a Zot trap)
 41681 | Abyss:3  | Found an ornate altar of the Wu Jian Council.
 41687 | Shoals:3 | Escaped the Abyss
 42231 | Shoals:3 | Reached skill level 1 in Evocations
 42706 | Spider:1 | Entered Level 1 of the Spider Nest
 42963 | Spider:1 | Reached skill level 2 in Evocations
 42997 | Spider:1 | Noticed GameOver's ghost (adept NaWz)
 43008 | Spider:1 | Killed GameOver's ghost
 44159 | Spider:1 | Reached skill level 3 in Evocations
 44891 | Spider:2 | Reached XP level 18. HP: 158/158 MP: 20/37
 45086 | Spider:2 | Got a clouded silver amulet
 45140 | Spider:2 | Identified the amulet of the Solstice {Inacc *Slow rC++ MR++} (You found it on level 2 of the Spider Nest)
 45500 | Orc:2    | Bought the amulet of Vitality {Regen+ HP+15} for 1185 gold pieces
 45500 | Orc:2    | Found the amulet of Vitality {Regen+ HP+15}
 45848 | Spider:2 | Reached skill level 16 in Spellcasting
 46188 | Spider:2 | Reached skill level 4 in Evocations
 47046 | Spider:3 | Reached skill level 12 in Dodging
 47065 | Spider:3 | Reached skill level 15 in Earth Magic
 47542 | Spider:3 | Noticed Arachne
 47556 | Spider:3 | Killed Arachne
 48409 | Shoals:4 | Entered Level 4 of the Shoals
 48486 | Shoals:4 | Reached skill level 5 in Evocations
 49103 | Shoals:4 | Reached skill level 14 in Fighting
 49236 | Shoals:4 | Reached skill level 12 in Fire Magic
 49422 | Shoals:4 | Noticed Ilsuiw
 49618 | Shoals:4 | Got a barnacled rune of Zot
 50357 | Shoals:4 | Killed Ilsuiw
 50362 | Shoals:4 | Reached skill level 15 in Conjurations
 51255 | Spider:4 | Entered Level 4 of the Spider Nest
 51266 | Spider:4 | Reached XP level 19. HP: 167/167 MP: 36/39
 52023 | Spider:4 | Noticed Louise
 52068 | Spider:4 | Killed Louise
 55009 | Spider:4 | Reached skill level 1 in Axes
 55147 | Spider:4 | Learned a level 9 spell: Shatter
 55540 | Elf:1    | Entered Level 1 of the Elven Halls
 56279 | Elf:1    | Reached skill level 2 in Axes
 56452 | Elf:1    | Reached skill level 17 in Spellcasting
 57120 | Elf:1    | Found Ismeol's Antique Armour Boutique.
 57254 | Elf:2    | Reached skill level 13 in Dodging
 57409 | Elf:2    | Reached skill level 13 in Fire Magic
 57619 | Elf:2    | Noticed Roxanne
 57624 | Elf:2    | Killed Roxanne
 57631 | Elf:2    | Reached skill level 16 in Earth Magic
 57781 | Elf:2    | Reached skill level 15 in Fighting
 57902 | Elf:2    | Found a runed gate.
 57902 | Elf:2    | Found a runed gate.
 57902 | Elf:2    | Found a runed gate.
 57972 | Elf:2    | Reached XP level 20. HP: 178/178 MP: 37/41
 57973 | Elf:2    | Reached skill level 6 in Evocations
 58264 | Vaults:1 | Entered Level 1 of the Vaults
 58391 | Vaults:1 | Found Mozeaj's Distillery.
 58400 | Vaults:1 | Bought a potion of brilliance for 48 gold pieces
 58400 | Vaults:1 | Bought a potion of heal wounds for 60 gold pieces
 58400 | Vaults:1 | Bought a potion of brilliance for 48 gold pieces
 58400 | Vaults:1 | Bought a potion of might for 48 gold pieces
 58400 | Vaults:1 | Bought a potion of brilliance for 48 gold pieces
 58400 | Vaults:1 | Bought a potion of heal wounds for 60 gold pieces
 58723 | Vaults:1 | You fall through a shaft!
 59970 | Vaults:1 | Reached skill level 7 in Evocations
 60606 | Vaults:2 | HP: 44/194 [fire giant/bolt of fire (47)]
 61028 | Vaults:2 | Reached skill level 16 in Conjurations
 61533 | Vaults:2 | HP: 44/194 [flayed ghost/flay_damage (23)]
 61533 | Vaults:2 | HP: 21/194 [storm dragon (12)]
 61535 | Vaults:2 | Killed from afar by a storm dragon

Vault maps used:
D:1:      lightli_arrival_statue_moat
D:2:      vehumet_crystals, uniq_natasha
D:3:      gammafunk_temple_overflow_elements
D:4:      nicolae_overflow_crystal_walls, first_ration, serial_shops, shop,
          nicolae_shop_trees, nicolae_shop_stone, shop,
          nicolae_shop_competitors_out_of_business, uniq_menkaure, uniq_sigmund,
          uniq_eustachio
D:5:      lemuel_round_altar, minmay_temple_entry_nine_rooms
D:6:      bloody_trog, enter_ossuary_1
D:7:      grunt_livestock, nicolae_tso_besieged_by_evil
D:8:      minmay_the_grid_octo_tiled_octocenter, yredelemnul_altar_generic
D:10:     basic_altar
D:11:     erik_lair_orcish_takeover, david_orc_4, lightli_minifort
D:12:     wad_statue_garden
D:13:     minmay_heptahexagon, erik_vaults_1, uniq_erolcha, uniq_urug
D:15:     hangedman_depths_entry_try_elsewhere_first, corexii_checkpoint_a
Lair:1:   st_stairs_10, grunt_megastairs_2, lemuel_fruit_tree
Lair:2:   infiniplex_staircase_pool
Lair:3:   elwin_shoals_entry_stream, grunt_megastairs_1
Lair:4:   dummy_spider_entry, lightli_volcano_entry_magma_tube
Lair:5:   nicolae_slime_entry_slimehenge, portal_ice_cave_entry_ice_beasts,
          grunt_forest_large_clearing_hut
Lair:6:   grunt_lair_end_beastmaster, serial_bayou_lake_a, grunt_megastairs_4,
          uniq_josephine
Shoals:1: serial_shops, shop, shop, lightli_airlock
Shoals:2: gammafunk_its_a_trap, nicolae_shoals_stone_sculpture_thing
Shoals:4: shoals_end_simple, shoals_ilsuiw_ice, nicolae_shoals_aquamancer_cove
Spider:1: nicolae_spider_corner
Spider:2: nicolae_spider_cling_halls
Spider:3: nicolae_spider_circle_web, spider_trap, uniq_arachne
Spider:4: floodkiller_spider_rune_tomb, nicolae_spider_cling_ruins, uniq_louise
Orc:1:    giant_chief_lemuel
Orc:2:    st_orc_pillars, serial_shops, shop, nicolae_orc_rich_vein, uniq_donald
Elf:1:    serial_shops, shop, orc_legates
Elf:2:    uniq_nikola, uniq_roxanne
Vaults:1: nicolae_vaults_fighting_squares, nicolae_vaults_little_squares_1,
          vaults_room_pool, vaults_dpeg_ring, nicolae_vaults_diagonal_hallway_8,
          v_misc_8, ontoclasm_vaults_gateway, dpeg_vaults_monster_row,
          ontoclasm_vaults_fault, v_misc_24, v_rooms_5,
          grunt_vaults_hallway_short, serial_shops, nicolae_shop_window_shopping
Vaults:2: hangedman_vaults_nodes, hangedman_vaults_capsules, st_greater_box_2,
          grunt_vaults_funnel, dpeg_vaults_monster_box,
          nicolae_vaults_mini_display_case, serial_shops, nicolae_shop_stone
Ossuary:  ossuary_kennysheep_city_of_the_dead
IceCv:    ice_cave_caverns_03

Skill      XL: |  1  2  3  4  5  6  7  8  9 10 11 12 13 14 15 16 17 18 19 20 |
---------------+-------------------------------------------------------------+-----
Spellcasting   | 3 5 6 8 9 10 11 12 13 14 15 16 17 | 17.6
Earth Magic    | 4 5 6 7 9 10 11 12 13 14 15 16 | 16.3
Conjurations   | 1 2 3 4 6 7 8 9 10 11 12 13 14 15 16 | 16.0
Dodging        | 2 4 5 7 8 9 10 11 12 13 | 13.5
Fighting       | 4 6 8 9 10 11 12 13 14 15 | 15.5
Fire Magic     | 2 4 6 8 9 10 11 12 13 | 13.6
Shields        | 3 4 |  4.0
Evocations     | 3 5 7 |  7.5
Axes           | 2 |  2.4
Stealth        | |  1.7
Transmutations | |  1.0

Action                   |  1- 3 |  4- 6 |  7- 9 | 10-12 | 13-15 | 16-18 | 19-21 || total
-------------------------+-------+-------+-------+-------+-------+-------+-------++-------
Melee: Unarmed           |    44 |       |       |       |       |       |       ||    44
       Tailslap          |    16 |    17 |    43 |     7 |     1 |    17 |    13 ||   114
       Club              |   102 |       |       |       |       |       |       ||   102
       Mace              |    16 |    13 |       |       |       |       |       ||    29
       Dagger            |       |   209 |   183 |       |       |       |       ||   392
       Short sword       |       |       |   154 |    31 |       |       |       ||   185
       Staff             |       |       |       |    14 |    23 |    12 |     7 ||    56
       War axe           |       |       |       |       |       |    84 |    23 ||   107
       Hand axe          |       |       |       |       |       |       |    31 ||    31
 Cast: Sandblast         |     9 |    36 |    32 |    46 |   291 |   217 |    77 ||   708
       Stone Arrow       |       |     8 |   111 |   334 |   321 |   193 |    93 ||  1060
       Lee's Rapid Decon |       |       |     3 |    33 |   124 |    98 |   139 ||   397
       Iron Shot         |       |       |       |    10 |    68 |   321 |   198 ||   597
       Bolt of Magma     |       |       |       |     2 |    20 |       |       ||    22
       Bolt of Fire      |       |       |       |       |    90 |    70 |    10 ||   170
       Fireball          |       |       |       |       |       |    80 |    51 ||   131
 Abil: Breathe Dispellin |       |       |     2 |       |     2 |       |     3 ||     7
Evoke: Staff of energy   |       |       |       |       |       |    12 |    13 ||    25
       Wand              |       |       |       |       |       |       |     2 ||     2
  Use: Scroll            |       |     9 |     6 |    12 |    14 |     5 |     4 ||    50
       Potion            |       |     1 |       |     1 |     6 |    14 |     7 ||    29
 Stab: Sleeping          |     3 |     3 |     3 |       |       |       |       ||     9
  Eat: Chunk             |     4 |     7 |    10 |    25 |    66 |    82 |    45 ||   239
       Ration            |       |       |     2 |     3 |    12 |    20 |     6 ||    43
Armor: Skin              |    51 |    24 |    61 |    33 |    46 |   197 |   110 ||   522
Dodge: Dodged            |   134 |   120 |   264 |   125 |   315 |   587 |   278 ||  1823
Block: Buckler           |       |       |       |       |    51 |   194 |   100 ||   345

Table legend:
 A = Spawn XP
 B = Non-spawn XP
 C = Spawn XP percentage of total XP
 D = Spawn monster count
 E = Non-spawn monster count
 F = Spawn count percentage of total count
 G = Total turns spent on level
                    A         B        C        D         E        F      G
               +---------+---------+-------+---------+---------+-------+---------
         Total |       0 |  553450 |   0.0 |       0 |    1642 |   0.0 | 61535
               +---------+---------+-------+---------+---------+-------+---------
           D:1 |       0 |      53 |   0.0 |       0 |      26 |   0.0 |  1237
           D:2 |       0 |     145 |   0.0 |       0 |      16 |   0.0 |  1236
           D:3 |       0 |     179 |   0.0 |       0 |      27 |   0.0 |  1262
           D:4 |       0 |     831 |   0.0 |       0 |      11 |   0.0 |  1320
           D:5 |       0 |     766 |   0.0 |       0 |      31 |   0.0 |  1261
           D:6 |       0 |    1085 |   0.0 |       0 |      30 |   0.0 |  1128
           D:7 |       0 |    2142 |   0.0 |       0 |      38 |   0.0 |   850
           D:8 |       0 |   10003 |   0.0 |       0 |      61 |   0.0 |  2442
           D:9 |       0 |    2207 |   0.0 |       0 |      32 |   0.0 |  1172
          D:10 |       0 |    2359 |   0.0 |       0 |      25 |   0.0 |  1215
          D:11 |       0 |    9450 |   0.0 |       0 |      67 |   0.0 |  2332
          D:12 |       0 |    9877 |   0.0 |       0 |      50 |   0.0 |  1920
          D:13 |       0 |   36093 |   0.0 |       0 |      93 |   0.0 |  1874
          D:14 |       0 |   10803 |   0.0 |       0 |      30 |   0.0 |  1015
          D:15 |       0 |   18219 |   0.0 |       0 |      48 |   0.0 |  1644
        Lair:1 |       0 |    2547 |   0.0 |       0 |      15 |   0.0 |  1366
        Lair:2 |       0 |    2696 |   0.0 |       0 |       9 |   0.0 |   753
        Lair:3 |       0 |    6881 |   0.0 |       0 |      26 |   0.0 |  2062
        Lair:4 |       0 |    7264 |   0.0 |       0 |      31 |   0.0 |  2315
        Lair:5 |       0 |   12350 |   0.0 |       0 |      42 |   0.0 |  2263
        Lair:6 |       0 |   27276 |   0.0 |       0 |      85 |   0.0 |  2713
      Shoals:1 |       0 |   20313 |   0.0 |       0 |      47 |   0.0 |  1712
      Shoals:2 |       0 |    9925 |   0.0 |       0 |      22 |   0.0 |  1127
      Shoals:3 |       0 |   22979 |   0.0 |       0 |      36 |   0.0 |  1870
      Shoals:4 |       0 |   47824 |   0.0 |       0 |      71 |   0.0 |  2135
      Spider:1 |       0 |   26252 |   0.0 |       0 |      59 |   0.0 |  1893
      Spider:2 |       0 |   17539 |   0.0 |       0 |      46 |   0.0 |  1151
      Spider:3 |       0 |   23359 |   0.0 |       0 |      50 |   0.0 |  2217
      Spider:4 |       0 |   35124 |   0.0 |       0 |      78 |   0.0 |  3033
         Orc:1 |       0 |   17915 |   0.0 |       0 |      77 |   0.0 |  3250
         Orc:2 |       0 |   15942 |   0.0 |       0 |      97 |   0.0 |  2421
         Elf:1 |       0 |   35867 |   0.0 |       0 |      64 |   0.0 |  1522
         Elf:2 |       0 |   30476 |   0.0 |       0 |      41 |   0.0 |   841
      Vaults:1 |       0 |   48193 |   0.0 |       0 |      81 |   0.0 |  2508
      Vaults:2 |       0 |   26285 |   0.0 |       0 |      27 |   0.0 |   763
       Ossuary |       0 |     282 |   0.0 |       0 |      11 |   0.0 |   475
         IceCv |       0 |   11949 |   0.0 |       0 |      42 |   0.0 |  1215
               +---------+---------+-------+---------+---------+-------+---------

Vault maps used:
D:1:      lightli_arrival_statue_moat
D:2:      vehumet_crystals, uniq_natasha
D:3:      gammafunk_temple_overflow_elements
D:4:      nicolae_overflow_crystal_walls, first_ration, serial_shops, shop,
          nicolae_shop_trees, nicolae_shop_stone, shop,
          nicolae_shop_competitors_out_of_business, uniq_menkaure, uniq_sigmund,
          uniq_eustachio
D:5:      lemuel_round_altar, minmay_temple_entry_nine_rooms
D:6:      bloody_trog, enter_ossuary_1
D:7:      grunt_livestock, nicolae_tso_besieged_by_evil
D:8:      minmay_the_grid_octo_tiled_octocenter, yredelemnul_altar_generic
D:10:     basic_altar
D:11:     erik_lair_orcish_takeover, david_orc_4, lightli_minifort
D:12:     wad_statue_garden
D:13:     minmay_heptahexagon, erik_vaults_1, uniq_erolcha, uniq_urug
D:15:     hangedman_depths_entry_try_elsewhere_first, corexii_checkpoint_a
Lair:1:   st_stairs_10, grunt_megastairs_2, lemuel_fruit_tree
Lair:2:   infiniplex_staircase_pool
Lair:3:   elwin_shoals_entry_stream, grunt_megastairs_1
Lair:4:   dummy_spider_entry, lightli_volcano_entry_magma_tube
Lair:5:   nicolae_slime_entry_slimehenge, portal_ice_cave_entry_ice_beasts,
          grunt_forest_large_clearing_hut
Lair:6:   grunt_lair_end_beastmaster, serial_bayou_lake_a, grunt_megastairs_4,
          uniq_josephine
Shoals:1: serial_shops, shop, shop, lightli_airlock
Shoals:2: gammafunk_its_a_trap, nicolae_shoals_stone_sculpture_thing
Shoals:4: shoals_end_simple, shoals_ilsuiw_ice, nicolae_shoals_aquamancer_cove
Spider:1: nicolae_spider_corner
Spider:2: nicolae_spider_cling_halls
Spider:3: nicolae_spider_circle_web, spider_trap, uniq_arachne
Spider:4: floodkiller_spider_rune_tomb, nicolae_spider_cling_ruins, uniq_louise
Orc:1:    giant_chief_lemuel
Orc:2:    st_orc_pillars, serial_shops, shop, nicolae_orc_rich_vein, uniq_donald
Elf:1:    serial_shops, shop, orc_legates
Elf:2:    uniq_nikola, uniq_roxanne
Vaults:1: nicolae_vaults_fighting_squares, nicolae_vaults_little_squares_1,
          vaults_room_pool, vaults_dpeg_ring, nicolae_vaults_diagonal_hallway_8,
          v_misc_8, ontoclasm_vaults_gateway, dpeg_vaults_monster_row,
          ontoclasm_vaults_fault, v_misc_24, v_rooms_5,
          grunt_vaults_hallway_short, serial_shops, nicolae_shop_window_shopping
Vaults:2: hangedman_vaults_nodes, hangedman_vaults_capsules, st_greater_box_2,
          grunt_vaults_funnel, dpeg_vaults_monster_box,
          nicolae_vaults_mini_display_case, serial_shops, nicolae_shop_stone
Ossuary:  ossuary_kennysheep_city_of_the_dead
IceCv:    ice_cave_caverns_03

Table legend:
 A = Turns spent in this place as a percentage of turns spent in the entire game.
 B = Non-inter-level travel turns spent in this place as a percentage of non-inter-level travel turns spent in the entire game.
 C = Inter-level travel turns spent in this place as a percentage of turns spent in this place.
 D = Turns resting spent in this place as a percentage of non-inter-level travel turns spent in this place.
 E = Turns spent auto-exploring this place as a percentage of non-inter-level travel turns spent in this place.
 F = Non-inter-level travel turns spent in this place divided by the number of levels of this place that you've seen.
                   A       B       C       D       E      F
               +-------+-------+-------+-------+-------+----------------------
         Total | 100.0 | 100.0 |   9.8 |   7.0 |  73.1 | 1460.6
       Dungeon |  35.6 |  36.3 |   8.1 |   4.9 |  75.3 | 1342.9
          Lair |  18.6 |  18.0 |  13.0 |  11.2 |  74.3 | 1663.2
        Shoals |  11.1 |  11.1 |  10.3 |  10.2 |  69.4 | 1535.0
   Spider Nest |  13.5 |  13.1 |  12.2 |   5.7 |  72.7 | 1820.5
  Orcish Mines |   9.2 |   8.6 |  16.2 |   8.3 |  70.9 | 2375.5
   Elven Halls |   3.8 |   4.1 |   4.9 |   0.4 |  76.6 | 1124.0
        Vaults |   5.3 |   5.9 |   0.7 |   4.8 |  75.5 | 1624.0
         Abyss |   0.0 |   0.0 |   0.0 |   0.0 |   0.0 |  22.0
       Ossuary |   0.8 |   0.9 |   0.0 |   0.0 |  16.4 | 475.0
      Ice Cave |   2.0 |   2.2 |   0.0 |  17.0 |  68.1 | 1215.0
               +-------+-------+-------+-------+-------+----------------------

Table legend:
 A = Kills in this place as a percentage of kills in entire the game.
 B = Kills by you in this place as a percentage of kills by you in the entire game.
 C = Kills by friends in this place as a percentage of kills by friends in the entire game.
 D = Other kills in this place as a percentage of other kills in the entire game.
 E = Experience gained in this place as a percentage of experience gained in the entire game.
 F = Experience gained in this place divided by the number of levels of this place that you have seen.
                   A       B       C       D       E      F
               +-------+-------+-------+-------+-------+----------------------
         Total | 100.0 | 100.0 |   N/A | 100.0 | 100.0 | 14564.5
       Dungeon |  35.6 |  35.6 |   N/A |   0.0 |  18.8 | 6947.5
          Lair |  12.7 |  12.7 |   N/A |   0.0 |  10.7 | 9835.7
        Shoals |  10.7 |  10.7 |   N/A |   0.0 |  18.3 | 25260.2
   Spider Nest |  14.2 |  14.2 |   N/A |   0.0 |  18.5 | 25568.5
  Orcish Mines |  10.6 |  10.6 |   N/A |   0.0 |   6.1 | 16928.5
   Elven Halls |   6.4 |   6.4 |   N/A |   0.0 |  12.0 | 33171.5
        Vaults |   6.6 |   6.5 |   N/A | 100.0 |  13.5 | 37239.0
       Ossuary |   0.7 |   0.7 |   N/A |   0.0 |   0.1 | 282.0
      Ice Cave |   2.6 |   2.6 |   N/A |   0.0 |   2.2 | 11949.0
               +-------+-------+-------+-------+-------+----------------------
